 Dungeon Crawl Stone Soup version 0.30.0-20-g3615ddf2f0 (webtiles) character file.

Game seed: 13728382029876217388

4498 qw the Cleaver (level 10, -2/64 HPs)
             Began as a Gargoyle Fighter on May 29, 2023.
             Was a Believer of Okawaru.
             Killed by the air
             ... invoked by Gastronok
              (27 damage)
             ... on level 8 of the Dungeon.
             The game lasted 00:03:14 (7097 turns).

qw the Cleaver (Gargoyle Fighter)                   Turns: 7097, Time: 00:03:15

Health: -2/64      AC: 21    Str: 23    XL:     10   Next: 38%
Magic:  13/13      EV: 10    Int: 10    God:    Okawaru [**....]
Gold:   578        SH: 14    Dex:  9    Spells: 9/9 levels left

rFire   + . .        Y - +0 war axe (heavy)
rCold   . . .        j - +2 kite shield
rNeg    + . .        l - +0 chain mail
rPois   inf          a - +0 helmet
rElec   +            (no cloak)
rCorr   .            b - +0 pair of gloves
SInv    .            (no boots)
Will    .....        (no amulet) Stlth
                     n - ring of protection from fire
HPRegen 0.30/turn    (no ring)
MPRegen 0.13/turn

%: no passive effects
@: heroic
A: sickness immunity, AC +7, negative energy resistance 1, electricity
resistance, torment resistance 1, petrification resistance
a: Renounce Religion, Heroism


You were on level 8 of the Dungeon.
You worshipped Okawaru.
Okawaru was pleased with you.
You visited 1 branch of the dungeon, and saw 11 of its levels.

You collected 578 gold pieces.


Innate Abilities, Weirdness & Mutations

You are immune to sickness and miasma.
Your stone body is resilient. (AC +7)
You are immune to poison.
You resist negative energy. (rN+)
You are resistant to electric shocks. (rElec)
You are resistant to unholy torment.
You are immune to petrification.


   Skills:
 - Level 7.8(12.8) Fighting
 - Level 9.0(14.0) Axes
 - Level 2.1(7.1) Throwing
 + Level 4.5(9.5) Armour
 - Level 1.5(6.5) Dodging
 - Level 8.7(13.7) Shields
 - Level 4.0 Invocations


You had 9 spell levels left.
You didn't know any spells.
Your spell library was empty.

Inventory:

Hand Weapons
 f - a +0 morningstar
 Y - a +0 heavy war axe (weapon)
Missiles
 c - 4 javelins (quivered)
 p - 3 boomerangs
Armour
 a - a +0 helmet (worn)
 b - a +0 pair of gloves (worn)
 j - a +2 kite shield (worn)
 k - a +0 cloak
 l - a +0 chain mail (worn)
Jewellery
 n - a ring of protection from fire (left hand)
Wands
 q - a wand of digging (1)
Scrolls
 e - 6 scrolls of teleportation
 o - a scroll of identify
Potions
 d - 5 potions of might
 g - 3 potions of haste
 h - 2 potions of curing
 i - 2 potions of mutation
 m - 2 potions of lignification
 s - a potion of attraction

Dungeon Overview and Level Annotations

Branches:
Dungeon (11/15)            Temple (0/1) D:6
   Lair: D:8-11         Orc: D:9-12

Altars:
Ashenzari
Elyvilon
Gozag
Okawaru
Sif Muna
Vehumet

Shops:
D:1 :?[(

Annotations:
D:3 1 runed translucent door, Crazy Yiuf
D:8 Gastronok


Message History

Enter note:
Enter note:
Enter note:
Enter note:
Enter note:
Enter note:
Enter note:
Enter note: Gastronok bites you but does no damage.
Enter note:
Enter note:
Enter note:
Enter note:
Enter note:
Enter note:
Enter note:
Enter note:
Enter note: You slice Gastronok!!
Gastronok is moderately wounded.
You slice Gastronok!!
Gastronok is moderately wounded.
Gastronok's eyestalks quiver as he mumbles some strange words.
Gastronok puts on a burst of speed!
You hit Gastronok.
Gastronok is moderately wounded.
You slash Gastronok!
Gastronok is heavily wounded.
Gastronok waves his eye-stalks in wide circles.
The air twists around and strikes you!!
You slash Gastronok!
Gastronok is heavily wounded.
Gastronok bites you!
You barely miss Gastronok.
Gastronok is heavily wounded.
You completely miss Gastronok.
Gastronok is heavily wounded.
Gastronok waves his eye-stalks in wide circles.
The air twists around and strikes you!!
You die...

.... .. ## ... .... #...###...
.....#.#......#
#....#.#......##
##.............#
..........$.....
......w.......# .......@...#
...........### ...............#
## . # #....(.....#...###.## ..
#.......###..##.......#... ##
.#..#..#. #.............## .##
....#...####.....##....#... ..
................##.........
.###..##.....##.##...#.........


You could see Gastronok (swift).

Vanquished Creatures
  A two-headed ogre (D:9)
  Maurice (D:8)
  A wraith (D:10)
  4 yaks (D:8)
  Menkaure (D:7)
  2 ice beasts
  2 black bears (D:6)
  A sky beast (D:8)
  An ogre (D:6)
  A centaur (D:7)
  2 kobold brigands
  3 phantoms
  5 bullfrogs
  5 scorpions
  3 wights
  6 killer bees (D:7)
  A jelly (D:6)
  A gnoll bouda (D:6)
  2 orc priests
  4 hounds
  Natasha (thrice) (D:3)
  2 iguanas
  3 orc wizards (D:8)
  12 gnolls
  8 adders
  2 shadow imps (D:6)
  A white imp (D:8)
  2 worms (D:4)
  3 dart slugs
  11 orcs
  4 bats
  14 endoplasms
  6 giant cockroaches
  3 goblins
  5 hobgoblins
  3 jackals (D:1)
  2 quokkas
  7 ball pythons
  2 frilled lizards
  17 kobolds
  8 rats
165 creatures vanquished.

Notes
Turn   | Place    | Note
-------+----------+-------------------------------------------
     0 | D:1      | qw the Gargoyle Fighter began the quest for the Orb.
     0 | D:1      | Reached XP level 1. HP: 14/14 MP: 1/1
     0 | D:1      | 0 ||| qw: Version: 0.2-a-101-gf424e7f
     0 | D:1      | 0 ||| qw: Game counter: 294
     0 | D:1      | 0 ||| qw: Always use a shield: true
     0 | D:1      | 0 ||| qw: God list: Okawaru
     0 | D:1      | 0 ||| qw: Allow faded altars: false
     0 | D:1      | 0 ||| qw: Do Orc after D:15 true
     0 | D:1      | 0 ||| qw: Do second Lair branch before Depths: true
     0 | D:1      | 0 ||| qw: Lair rune preference: random
     0 | D:1      | 0 ||| qw: Plans: Normal, Zot:1-4, Slime:5, God:TSO, Crypt,
                  | Tomb, Pan, Hells, Abyss, Win
     0 | D:1      | 0 ||| PLANNING D:1-11
    20 | D:1      | Found Isef's Book Shop.
    34 | D:1      | Reached skill level 2 in Axes
    44 | D:1      | Found Bamiqab's Magic Scroll Emporium.
    66 | D:1      | 66 ||| SHOPLISTING scroll of identify (26 gold, have 0).
    66 | D:1      | 66 ||| SHOPLISTING scroll of teleportation (39 gold, have
                  | 0).
    79 | D:1      | Reached XP level 2. HP: 19/19 MP: 2/2
   102 | D:1      | 102 ||| Stepping ~*~*~tactically~*~*~ (stealth).
   103 | D:1      | 103 ||| Stepping ~*~*~tactically~*~*~ (stealth).
   110 | D:1      | 110 ||| Stepping ~*~*~tactically~*~*~ (stealth).
   112 | D:1      | 112 ||| Stepping ~*~*~tactically~*~*~ (stealth).
   135 | D:1      | 135 ||| Stepping ~*~*~tactically~*~*~ (stealth).
   140 | D:1      | Found Zackell's Antique Weapon Boutique.
   156 | D:1      | 156 ||| SHOPLISTING glowing war axe (156 gold, have 20).
   156 | D:1      | 156 ||| SHOPLISTING mace (72 gold, have 20).
   162 | D:1      | Found Sakh's Antique Armour Shop.
   166 | D:1      | 166 ||| SHOPLISTING +2 shield of Resistance {rF++ rC++
                  | Will++} (1551 gold, have 20).
   166 | D:1      | 166 ||| SHOPLISTING dazzling plate armour (616 gold, have
                  | 20).
   166 | D:1      | 166 ||| SHOPLISTING glowing helmet (165 gold, have 20).
   166 | D:1      | 166 ||| SHOPLISTING pair of embroidered boots (165 gold,
                  | have 20).
   166 | D:1      | 166 ||| SHOPLISTING pair of gloves (99 gold, have 20).
   257 | D:1      | 257 ||| Stepping ~*~*~tactically~*~*~ (stealth).
   258 | D:1      | 258 ||| Stepping ~*~*~tactically~*~*~ (stealth).
   304 | D:1      | Reached skill level 3 in Axes
   399 | D:1      | Reached XP level 3. HP: 23/23 MP: 3/3
   411 | D:1      | 411 ||| Stepping ~*~*~tactically~*~*~ (stealth).
   413 | D:1      | 413 ||| Stepping ~*~*~tactically~*~*~ (stealth).
   414 | D:1      | 414 ||| Stepping ~*~*~tactically~*~*~ (stealth).
   523 | D:1      | 523 ||| DROPPING +3 hand axe of venom.
   540 | D:1      | 540 ||| UPGRADING to +2 kite shield.
   550 | D:1      | 550 ||| DROPPING +0 buckler.
   551 | D:1      | 551 ||| UPGRADING to +0 chain mail.
   561 | D:1      | 561 ||| DROPPING +0 scale mail.
   562 | D:1      | 562 ||| READING scroll labelled JIURIK CEEVOSIRO.
   563 | D:1      | 563 ||| READING scroll labelled BAWEOR KETECIW.
   722 | D:2      | 722 ||| Stepping ~*~*~tactically~*~*~ (hiding).
   723 | D:2      | 723 ||| Stepping ~*~*~tactically~*~*~ (hiding).
   993 | D:2      | 993 ||| DROPPING +0 club.
  1259 | D:2      | 1259 ||| Stepping ~*~*~tactically~*~*~ (stealth).
  1261 | D:2      | 1261 ||| Stepping ~*~*~tactically~*~*~ (hiding).
  1293 | D:2      | 1293 ||| Stepping ~*~*~tactically~*~*~ (hiding).
  1320 | D:2      | 1320 ||| UPGRADING to +0 helmet.
  1325 | D:2      | 1325 ||| UPGRADING to +0 pair of gloves.
  1330 | D:2      | 1330 ||| READING scroll labelled FAIV TOQOGRUPT.
  1331 | D:2      | 1331 ||| READING scroll labelled MEJEBB KORENUPSOA.
  1332 | D:2      | 1332 ||| DRINKING 2 fizzy green potions.
  1401 | D:3      | Reached XP level 4. HP: 28/28 MP: 4/4
  1453 | D:3      | 1453 ||| Stepping ~*~*~tactically~*~*~ (stealth).
  1456 | D:3      | Noticed Natasha
  1460 | D:3      | Killed Natasha
  1463 | D:3      | Reached skill level 4 in Axes
  1525 | D:3      | Reached XP level 5. HP: 28/32 MP: 5/5
  1557 | D:3      | Found a shimmering blue altar of Sif Muna.
  1820 | D:3      | Noticed Natasha
  1822 | D:3      | Killed Natasha
  1868 | D:3      | Found a runed translucent door.
  1869 | D:3      | Noticed Crazy Yiuf
  1944 | D:3      | Noticed Natasha
  1947 | D:3      | Killed Natasha
  2091 | D:3      | 2091 ||| UPGRADING to ring of protection from fire.
  2092 | D:3      | 2092 ||| READING scroll labelled ANKUMYOVVE.
  2093 | D:3      | 2093 ||| READING scroll labelled URIHADWIMA.
  2094 | D:3      | 2094 ||| READING 4 scrolls of identify.
  2094 | D:3      | 2094 ||| IDENTIFYING fuming amethyst potion
  2095 | D:3      | 2095 ||| READING 3 scrolls of identify.
  2095 | D:3      | 2095 ||| IDENTIFYING murky pink potion
  2096 | D:3      | 2096 ||| READING 2 scrolls of identify.
  2096 | D:3      | 2096 ||| IDENTIFYING dark potion
  2207 | D:4      | Found an iron altar of Okawaru.
  2208 | D:4      | 2208 ||| PLANNING OKAWARU WORSHIP
  2216 | D:4      | Reached XP level 6. HP: 29/37 MP: 6/6
  2251 | D:4      | Became a worshipper of Warmaster Okawaru
  2251 | D:4      | 2251 ||| PLANNING D:1-11
  2310 | D:4      | 2310 ||| Stepping ~*~*~tactically~*~*~ (stealth).
  2312 | D:4      | 2312 ||| Stepping ~*~*~tactically~*~*~ (stealth).
  2351 | D:4      | 2351 ||| Stepping ~*~*~tactically~*~*~ (hiding).
  2352 | D:4      | 2352 ||| Stepping ~*~*~tactically~*~*~ (hiding).
  2354 | D:4      | 2354 ||| Stepping ~*~*~tactically~*~*~ (hiding).
  3430 | D:4      | 3430 ||| READING scroll labelled MICAABL VIXEO.
  3431 | D:4      | 3431 ||| READING scroll labelled YRIDOX PA JUCO.
  3475 | D:5      | Entered Level 5 of the Dungeon
  3579 | D:5      | Found an opulent altar of Gozag.
  3605 | D:5      | 3605 ||| Stepping ~*~*~tactically~*~*~ (hiding).
  3673 | D:5      | Reached skill level 5 in Axes
  3765 | D:5      | Reached skill level 1 in Throwing
  3848 | D:5      | Noticed an ice beast
  3853 | D:5      | Killed an ice beast
  3853 | D:5      | Reached * piety under Okawaru
  3854 | D:5      | Reached XP level 7. HP: 44/44 MP: 7/7
  3874 | D:5      | Reached skill level 1 in Invocations
  4215 | D:5      | 4215 ||| READING scroll labelled PAULED GOTEM.
  4216 | D:5      | 4216 ||| READING scroll labelled ZOEDEMM UTYU.
  4250 | D:5      | 4250 ||| DRINKING 2 fuming golden potions.
  4251 | D:5      | 4251 ||| DROPPING potion of brilliance.
  4284 | D:6      | Found a white marble altar of Elyvilon.
  4389 | D:6      | Reached skill level 3 in Invocations
  4389 | D:6      | Reached XP level 8. HP: 37/48 MP: 10/10
  4519 | D:6      | 4519 ||| Stepping ~*~*~tactically~*~*~ (stealth).
  4520 | D:6      | 4520 ||| Stepping ~*~*~tactically~*~*~ (stealth).
  4524 | D:6      | 4524 ||| INVOKING Heroism.
  4528 | D:6      | 4528 ||| Stepping ~*~*~tactically~*~*~ (hiding).
  4659 | D:6      | Reached skill level 6 in Axes
  4666 | D:6      | 4666 ||| INVOKING Heroism.
  4729 | D:6      | 4729 ||| INVOKING Heroism.
  4734 | D:6      | Reached skill level 6 in Shields
  4768 | D:6      | Found a staircase to the Ecumenical Temple.
  4801 | D:6      | 4801 ||| INVOKING Heroism.
  4807 | D:6      | Reached skill level 1 in Dodging
  4838 | D:6      | 4838 ||| DROPPING +0 whip.
  4962 | D:6      | 4962 ||| Stepping ~*~*~tactically~*~*~ (stealth).
  4966 | D:6      | 4966 ||| Stepping ~*~*~tactically~*~*~ (stealth).
  4968 | D:6      | 4968 ||| Stepping ~*~*~tactically~*~*~ (hiding).
  4973 | D:6      | 4973 ||| INVOKING Heroism.
  4980 | D:6      | Reached skill level 7 in Axes
  5004 | D:6      | 5004 ||| DROPPING +1 whip of electrocution.
  5139 | D:6      | 5139 ||| Stepping ~*~*~tactically~*~*~ (hiding).
  5276 | D:6      | 5276 ||| INVOKING Heroism.
  5307 | D:6      | 5307 ||| READING scroll labelled MAIREN XIUCUMO.
  5308 | D:6      | 5308 ||| DRINKING 2 blue potions.
  5309 | D:6      | 5309 ||| READING 2 scrolls of identify.
  5309 | D:6      | 5309 ||| IDENTIFYING ruby potion
  5317 | D:7      | 5317 ||| STAIRDANCE
  5320 | D:6      | 5320 ||| INVOKING Heroism.
  5322 | D:6      | Reached XP level 9. HP: 27/54 MP: 9/12
  5481 | D:7      | 5481 ||| INVOKING Heroism.
  5839 | D:7      | 5839 ||| Stepping ~*~*~tactically~*~*~ (hiding).
  5905 | D:7      | 5905 ||| INVOKING Heroism.
  5907 | D:7      | Reached skill level 8 in Axes
  5992 | D:7      | Noticed Menkaure
  5993 | D:7      | 5993 ||| INVOKING Heroism.
  6000 | D:7      | Killed Menkaure
  6292 | D:7      | Found a radiant altar of Vehumet.
  6292 | D:7      | Found a broken altar of Ashenzari.
  6364 | D:7      | 6364 ||| DRINKING 2 yellow potions.
  6365 | D:7      | 6365 ||| DROPPING potion of flight.
  6375 | D:8      | Noticed Gastronok
  6376 | D:8      | 6376 ||| Stepping ~*~*~tactically~*~*~ (hiding).
  6377 | D:8      | 6377 ||| Stepping ~*~*~tactically~*~*~ (hiding).
  6381 | D:8      | 6381 ||| INVOKING Heroism.
  6383 | D:8      | Reached skill level 6 in Fighting
  6383 | D:8      | Reached ** piety under Okawaru
  6384 | D:8      | 6384 ||| Stepping ~*~*~tactically~*~*~ (hiding).
  6385 | D:8      | Noticed Maurice
  6388 | D:8      | HP: 10/55 [disintegration (9)]
  6389 | D:8      | 6389 ||| READING 7 scrolls of teleportation.
  6390 | D:8      | 6390 ||| DRINKING potion of heal wounds.
  6392 | D:8      | 6392 ||| FLEEEEING.
  6393 | D:8      | 6393 ||| FLEEEEING.
  6394 | D:8      | 6394 ||| FLEEEEING.
  6395 | D:8      | 6395 ||| FLEEEEING.
  6396 | D:8      | 6396 ||| FLEEEEING.
  6397 | D:8      | 6397 ||| FLEEEEING.
  6398 | D:8      | 6398 ||| FLEEEEING.
  6399 | D:8      | 6399 ||| STAIRDANCE
  6557 | D:8      | 6557 ||| INVOKING Heroism.
  6565 | D:8      | 6565 ||| DRINKING 2 potions of curing.
  6565 | D:8      | 6565 ||| (to cure confusion)
  6575 | D:8      | Reached XP level 10. HP: 57/60 MP: 13/13
  6577 | D:8      | Reached skill level 9 in Axes
  6609 | D:8      | You fall into a shaft and drop 3 floors!
  6634 | D:11     | 6634 ||| READING scroll labelled SOURA DUNIJAYNN.
  6744 | D:10     | Entered Level 10 of the Dungeon
  6820 | D:9      | Noticed a two-headed ogre
  6821 | D:9      | 6821 ||| INVOKING Heroism.
  6826 | D:9      | Killed a two-headed ogre
  6869 | D:9      | 6869 ||| READING 2 scrolls of identify.
  6869 | D:9      | 6869 ||| IDENTIFYING pink potion
  6870 | D:9      | 6870 ||| DROPPING potion of degeneration.
  6886 | D:8      | 6886 ||| INVOKING Heroism.
  6894 | D:8      | Killed Maurice
  7084 | D:8      | 7084 ||| INVOKING Heroism.
  7097 | D:8      | Killed from afar by Gastronok

Levels and vault maps discovered:
D:1:      dpeg_arrival_rooms_with_view, layout_rooms, serial_shops,
          nicolae_shop_advertising_works [nicolae_subvault_shop_adworks], shop,
          shop, nicolae_shop_peninsula
D:2:      layout_rooms, minivault_5, lexackson_kobold_supper
D:3:      layout_rooms, mainiacjoe_overflow_concentric_impassable,
          uniq_crazy_yiuf_cottage, uniq_natasha
D:4:      layout_layer_cave, okawaru_ov_weapons_minmay,
          chequers_serial_rivers_micro_e
D:5:      layout_rooms, mainiacjoe_overflow_24_doors,
          chequers_serial_rivers_small_a, minmay_quadrilaterals
D:6:      layout_loops_corners, mainiacjoe_overflow_alcove_2, temple_fountains,
          minmay_checkerbox
D:7:      layout_basic, gammafunk_temple_overflow_pools, uniq_menkaure
D:8:      layout_cave_pools, xom_shifter_show, uniq_maurice, uniq_gastronok
D:9:      layout_loops_ring, mainiacjoe_overflow_tiny_flanked,
          chequers_temple_overflow_statue_of_worship, orc_0_dummy
D:10:     minmay_chambers_of_sixes, layout_rooms, uniq_snorg, uniq_fannar
D:11:     layout_basic, david_lair_shrubbed, serial_curves, eino_curves_01,
          eino_curves_01, portal_ice_cave_entry_animals_and_master,
          serial_shops, nicolae_stop_n_shop_1, uniq_nergalle

Skill      XL: |  1  2  3  4  5  6  7  8  9 10 |
---------------+-------------------------------+-----
Axes           | 2 3 4 5 7 8 9 |  9.0
Shields        | 4 5 6 8 |  8.7
Throwing       | 1 2 |  2.1
Fighting       | 4 5 6 7 |  7.8
Invocations    | 3 4 |  4.0
Dodging        | 1 |  1.5
Armour         | 4 |  4.5

Action                     |  1- 3 |  4- 6 |  7- 9 | 10-12 || total
---------------------------+-------+-------+-------+-------++-------
  Melee: War axe           |   118 |   109 |   174 |    39 ||   440
  Throw: Boomerang         |       |    13 |    27 |       ||    40
         Javelin           |       |       |     2 |     5 ||     7
 Invoke: Heroism           |       |       |    12 |     3 ||    15
    Use: Scroll            |     4 |     7 |     5 |     2 ||    18
         Potion            |     1 |       |     5 |       ||     6
 Armour: Scale mail        |    32 |       |       |       ||    32
         Chain mail        |    23 |    65 |   139 |    23 ||   250
  Dodge: Dodged            |    48 |    33 |    84 |     4 ||   169
  Block: Buckler           |     7 |       |       |       ||     7
         Kite shield       |    27 |    58 |   160 |    19 ||   264

Table legend:
 A = Non-vault XP
 B = Vault XP
 C = Vault XP percentage of total XP
 D = Non-vault monster count
 E = Vault monster count
 F = Vault count percentage of total count
                 A         B        C        D         E       F
            +---------+---------+-------+---------+---------+-------
      Total |    5136 |    1290 |  20.1 |     141 |      24 |  14.5
            +---------+---------+-------+---------+---------+-------
        D:1 |      43 |       3 |   6.5 |      24 |       2 |   7.7
        D:2 |      24 |      10 |  29.4 |      14 |       8 |  36.4
        D:3 |     161 |      36 |  18.3 |      18 |       1 |   5.3
        D:4 |      92 |       0 |   0.0 |      15 |       0 |   0.0
        D:5 |     187 |     471 |  71.6 |       6 |       7 |  53.8
        D:6 |    1217 |     136 |  10.1 |      24 |       4 |  14.3
        D:7 |    1080 |     172 |  13.7 |      20 |       1 |   4.8
        D:8 |    1296 |     462 |  26.3 |      18 |       1 |   5.3
        D:9 |     819 |       0 |   0.0 |       1 |       0 |   0.0
       D:10 |     217 |       0 |   0.0 |       1 |       0 |   0.0
            +---------+---------+-------+---------+---------+-------
